Map: Para Site LE

Players

Lambo - Winner!

  • Race: Zerg Zerg
  • League: Grandmaster
  • Spawn Location: 11:00

lIlIIllIIllI

  • Race: Zerg Zerg
  • League: Grandmaster
  • Spawn Location: 5:00

VOD

Have the link to the VOD?

Description

Time

  • Played on: Jan. 9, 2019, 5:09 p.m.
  • Length: 4:41
Show
View Real Time Build Order
Export as new Build Order

Lambo Zerg - Winner!

Build Orders: Hatch First 

Get SALT Encoding   

  12  0:01  Drone  
  13  0:11  Overlord  
  13  0:17  Drone  
  14  0:30  Drone x2  
  16  0:47  Hatchery  
  15  0:50  Drone  
  15  0:54  Drone  
  17  0:58  Drone  
  18  1:08  Extractor  
  17  1:13  Spawning Pool  
  17  1:15  Drone  
  17  1:18  Drone  
  18  1:27  Drone  
  19  1:38  Drone  
  20  1:53  Drone  
  21  1:59  Queen x2, Drone  
  21  2:00  Overlord  
  26  2:09  Metabolic Boost  
  26  2:12  Zergling x4  
  28  2:20  Drone  
  28  2:21  Drone  
  30  2:30  Spine Crawler  
  30  2:32  Zergling x4  
  31  2:43  Zergling x4  
  33  2:47  Queen  
  35  2:52  Overlord  
  35  2:56  Zergling x2  
  33  3:06  Zergling x2  
  33  3:07  Zergling x2  
  34  3:14  Zergling x2  
  34  3:15  Zergling x8  
  39  3:25  Drone  
  40  3:27  Drone  
  40  3:30  Drone  
  42  3:35  Baneling Nest, Drone  
  42  3:38  Drone  
  41  3:44  Hatchery, Zergling x4  
  41  3:47  Zergling x2  
  41  3:48  Zergling x2  
  43  3:54  Overlord  
  43  4:00  Drone x2  
  41  4:11  Zergling x4  
  43  4:18  Drone x3  
  43  4:19  Evolution Chamber  
  43  4:20  Baneling x2  
  43  4:23  Drone  
Show
View Real Time Build Order
Export as new Build Order

lIlIIllIIllI Zerg 

Build Orders: Pool First 

Get SALT Encoding   

  12  0:00  Drone  
  13  0:08  Drone  
  14  0:19  Extractor, Drone  
  14  0:32  Spawning Pool  
  13  0:36  Drone  
  14  0:48  Overlord  
  14  1:19  Queen, Metabolic Boost  
  14  1:21  Zergling x4  
  18  1:28  Zergling x2  
  19  1:50  Hatchery  
  19  1:53  Zergling x2  
  19  1:57  Zergling x2  
  20  2:04  Overlord  
  20  2:09  Zergling x2  
  21  2:16  Zergling x2  
  22  2:26  Zergling x2  
  22  2:27  Zergling x4  
  25  2:39  Zergling x2  
  26  2:49  Zergling x2  
  24  3:02  Zergling x6  
  25  3:08  Zergling x4  
  26  3:14  Zergling x4  
  27  3:20  Queen  
  27  3:25  Zergling x4  
  28  3:40  Zergling x2  
  27  3:46  Overlord  
  26  4:00  Overlord  
  26  4:02  Zergling x8  
  28  4:07  Zergling x2  
  28  4:10  Zergling x2  
  28  4:11  Zergling x4  
  28  4:14  Zergling x2  
  32  4:18  Zergling x2  
Tags
 
Add a new tag
Caveats
  • Supply blocks, unpowered buildings, or Contaminate may cause inaccurate times.
  • Supply counts are checked every 10 seconds.